 Dungeon Crawl Stone Soup version 0.28-a0-691-gad6df49e81 (webtiles) character file.

Game seed: 4721856930810410735

56 bande the Covered (level 3, -6/24 HPs)
             Began as a Gargoyle Fighter on Oct 20, 2021.
             Killed by divine providence
             ... invoked by an orc priest
              (9 damage)
             ... on level 3 of the Dungeon on Oct 21, 2021.
             The game lasted 00:03:15 (2537 turns).

bande the Covered (Gargoyle Fighter)                Turns: 2537, Time: 00:03:17

Health: -6/24      AC: 10    Str: 20    XL:     3   Next: 95%
Magic:  3/3        EV:  9    Int:  8    God:
Gold:   76         SH:  4    Dex:  9    Spells: 2/2 levels left

rFire   . . .      SeeInvis .   a - +0 war axe
rCold   . . .      Faith    .   c - +0 buckler
rNeg    + . .      Spirit   .   b - +0 scale mail
rPois   ∞          Reflect  .   (no helmet)
rElec   +          Harm     .   (no cloak)
rCorr   .          Rampage  .   (no gloves)
Will    .....                   (no boots)
Stlth   ..........              (no amulet)
HPRegen 0.08/turn               (no ring)
MPRegen 0.08/turn               (no ring)

@: no status effects
A: sickness immunity, AC +3, negative energy resistance 1, electricity
resistance, torment resistance 1, petrification resistance
a: no special abilities


You were on level 3 of the Dungeon.
You visited 1 branch of the dungeon, and saw 3 of its levels.

You collected 76 gold pieces.

Inventory:

Hand Weapons
 a - a +0 war axe (weapon)
Armour
 b - a +0 scale mail (worn)
 c - a +0 buckler (worn)
Wands
 g - a wand of mindburst (11)
Scrolls
 h - a scroll of identify
 i - a scroll of amnesia
 j - a scroll of enchant armour {unknown}
Potions
 d - 2 potions of might
 e - 2 potions of brilliance
 f - a potion of attraction {unknown}


   Skills:
 + Level 3.8 Fighting
 + Level 2.4 Axes
 + Level 3.9 Armour
 - Level 0.3 Dodging
 + Level 3.6 Shields


You had 2 spell levels left.
You didn't know any spells.
Your spell library contained the following spells:

 Spells                   Type           Power      Damage    Failure   Level
 Animate Skeleton         Necr           0%         N/A       77%         1
 Pain                     Necr           0%         1d4       77%         1
 Vampiric Draining        Necr           0%         2d6       98%         3


Dungeon Overview and Level Annotations

Branches:
Dungeon (3/15)

Altars:

Shops:
D:1 *   D:3 !


Innate Abilities, Weirdness & Mutations

You are immune to sickness and miasma.
Your stone body is resilient. (AC +3)
You are immune to poison.
You resist negative energy. (rN+)
You are resistant to electric shocks. (rElec)
You are resistant to unholy torment.
You are immune to petrification.


Message History

You closely miss the hobgoblin.
The hobgoblin hits you but does no damage.
The hobgoblin barely misses you.
You completely miss the hobgoblin.
The hobgoblin hits you but does no damage.
You slash the hobgoblin!
You kill the hobgoblin!
The orc hits you but does no damage.
You barely miss the orc. The orc hits you but does no damage.
You block the orc's attack.
You closely miss the orc. The orc barely misses you.
You hit the orc.
The orc is severely wounded.
The orc hits you but does no damage.
You hit the orc.
You kill the orc!
You hit the orc priest.
The orc priest is lightly wounded.
The orc priest calls down the wrath of Beogh upon you.
Pain shoots through your body!
Your shield prevents you from hitting the orc priest.
The orc priest is lightly wounded.
The orc priest invokes the aid of Beogh against you.
Beogh smites you!
Ouch! That really hurt!
* * * LOW HITPOINT WARNING * * *
The orc priest barely misses you.
You hear a shout!
You closely miss the orc priest.
The orc priest is lightly wounded.
The orc priest misses you.
Okay, then.
You barely miss the orc priest.
The orc priest is lightly wounded.
The orc priest hits you with a +0 falchion.
* * * LOW HITPOINT WARNING * * *
An orc priest comes into view. It is wielding a +0 trident.
The orc priest invokes the aid of Beogh against you.
Beogh smites you!
You die...

. #####.. ...... ...
#######...#.....##..
#.o@..?.............
#...####o###..#
......
....####...###.#
.... . ###
#.........# #. #.#
..## ###........##
#.. #..
....##..........#
#...#..
#....#..[.....#
#...##.
###..#........#
##....#.
#####...........^#
#.......


You could see 2 orc priests.

Vanquished Creatures
  2 dart slugs (D:2)
  An orc (D:3)
  8 ball pythons
  4 bats
  3 endoplasms
  3 giant cockroaches
  2 goblins
  7 hobgoblins
  6 kobolds
  2 quokkas (D:2)
  2 frilled lizards
40 creatures vanquished.

Notes
Turn   | Place    | Note
-------+----------+-------------------------------------------
     0 | D:1      | bande the Gargoyle Fighter began the quest for the Orb.
     0 | D:1      | Reached XP level 1. HP: 14/14 MP: 1/1
   291 | D:1      | Reached XP level 2. HP: 19/19 MP: 2/2
  1093 | D:1      | Found a faded altar of an unknown god.
  1162 | D:1      | Found Guex's Assorted Antiques.
  1559 | D:2      | Reached XP level 3. HP: 23/23 MP: 3/3
  2478 | D:3      | Found Tomuask's Distillery.
  2537 | D:3      | Killed from afar by an orc priest

Illustrated notes

Levels and vault maps discovered:
D:1:      lightli_arrival_farm, layout_loops_ring, serial_shops, shop,
          serial_rivers, chequers_serial_rivers_micro_a,
          chequers_serial_rivers_micro_c, chequers_serial_rivers_micro_c,
          chequers_serial_rivers_large_a, shapermc_ecumenical_altar_petra,
          amcnicky_mini_rare_corridor_liquid, corexii_corridor_pit
D:2:      layout_loops_ring
D:3:      layout_rooms, serial_shops, shop

Skill      XL: |  1  2 |
---------------+-------+-----
Axes           | 2 |  2.4
Fighting       | |  3.8
Armour         | |  3.9
Dodging        | |  0.3
Shields        | |  3.6

Action                   || total
-------------------------++-------
Melee: War axe           ||   155
  Use: Scroll            ||     2
Armor: Scale mail        ||    89
Dodge: Dodged            ||    52
Block: Buckler           ||    39

Table legend: (Time is in decaauts)
 A = Elapsed time spent in this place.
 B = Non-inter-level travel time spent in this place.
 C = Inter-level travel time spent in this place.
 D = Time resting spent in this place.
 E = Time spent auto-exploring this place.
 F = Levels seen in this place.
 G = Mean time per level.
                   A        B        C        D        E       F      G
               +--------+--------+--------+--------+--------+-----+--------+
         Total |   2620 |   2607 |     13 |    263 |   1953 |   3 |  873.3 |
       Dungeon |   2620 |   2607 |     13 |    263 |   1953 |   3 |  873.3 |
               +--------+--------+--------+--------+--------+-----+--------+

Top non-repeatable levels by time:
     D:1: 1573 daAuts
     D:2: 849 daAuts
     D:3: 198 daAuts
